 Dungeon Crawl Stone Soup version 0.22.1-1-ga44c0e5 (webtiles) character file.

246 jerryfan the Skirmisher (level 5, -1/46 HPs)
             Began as a Draconian Skald on Sept 24, 2018.
             Slain by an adder (2 damage)
             ... on level 3 of the Dungeon.
             The game lasted 00:07:28 (2938 turns).

jerryfan the Skirmisher (Draconian Skald)           Turns: 2938, Time: 00:07:29

Health: -1/46      AC:  5    Str: 11 (13) XL:     5   Next: 84%
Magic:  9/9        EV: 12    Int: 13 (14) God:
Gold:   83         SH:  0    Dex: 11      Spells: 7/10 levels left

rFire    . . .     SeeInvis .   a - +0 hand axe
rCold    . . .     Gourm    .   (no shield)
rNeg     . . .     Faith    .   (armour unavailable)
rPois    .         Spirit   .   (helmet restricted)
rElec    .         Reflect  .   (no cloak)
rCorr    +         Harm     .   (no gloves)
MR       +....                  (no boots)
Stlth    +.........             (no amulet)
HPRegen  0.15/turn              k - ring of resist corrosion
MPRegen  0.11/turn              l - ring of protection from magic

@: lethally poisoned (-1 -> -9), very slightly contaminated
A: unfitting armour, cold-blooded, AC +5
a: no special abilities


You were on level 3 of the Dungeon.
You were not hungry.

You visited 1 branch of the dungeon, and saw 3 of its levels.

You collected 83 gold pieces.

Inventory:

Hand Weapons
 a - a +0 hand axe (weapon)
 q - a +0 vampiric trident
 r - a +2 whip of venom
Jewellery
 k - a ring of resist corrosion (left hand)
 l - a ring of protection from magic (right hand)
Scrolls
 b - a scroll of identify
 d - 2 scrolls of remove curse
Potions
 j - 2 potions of agility
Comestibles
 c - 6 rations


   Skills:
 + Level 3.8 Fighting
 + Level 3.4 Axes
 - Level 2.1 Dodging
 + Level 3.2 Spellcasting
 + Level 3.8 Charms


You had 7 spell levels left.
You knew the following spells:

 Your Spells              Type           Power        Failure   Level  Hunger
a - Infusion              Chrm           ##..         4%          1    #......
b - Song of Slaying       Chrm           ##......     7%          2    ##.....

Your spell library contained the following spells:

 Spells                   Type           Power        Failure   Level  Hunger
 Shroud of Golubria       Chrm/Tloc      #.........   16%         2    ##.....
 Regeneration             Chrm/Necr      #.........   30%         3    ###....
 Spectral Weapon          Hex/Chrm       #.......     30%         3    ###....


Dungeon Overview and Level Annotations

Branches:
Dungeon (3/15)

Altars:


Innate Abilities, Weirdness & Mutations

Your plain brown scales are hard. (AC +5)
You cannot fit into any form of body armour.
You are cold-blooded and may be slowed by cold attacks.


Message History

The adder poisons you! The adder bites you.
* * * LOW HITPOINT WARNING * * *
Okay, then.
Welcome back, jerryfan the Draconian Skald.
Press ? for a list of commands and other information.
You hit the adder but do no damage.
The adder is almost dead.
* * * LOW HITPOINT WARNING * * *
You feel sick. The adder misses you.
You miss the adder.
The adder is almost dead.
* * * LOW HITPOINT WARNING * * *
You feel sick. The adder bites you.
* * * LOW HITPOINT WARNING * * *
The adder bites you but does no damage.
You closely miss the adder.
The adder is almost dead.
* * * LOW HITPOINT WARNING * * *
You feel sick. The adder bites you.
You die...

#### #..# #..###### ####
#.......# #... ##.#.....#
#... ******* ##..#.....# #...
*,,,,.##* #........8#####...
*,,,,...** #...[........##...
*,,,,,#..* #@S..8.>...#..#...
**#.***#.#####).......##.##..
#.####.....#.#....8.##.##.#
##....>.#.....##.).........#
#..)..............##.#.(....
#.!................(...###..
#........)...S...#.#.### ##.
#................#.#.#* #.
#..[.5...........#....** #.


You could see an adder.

Vanquished Creatures
  An orc wizard (D:3)
  2 orc priests (D:3)
  Terence (D:2)
  Natasha (D:3)
  4 adders (D:2)
  A worm (D:3)
  A dart slug (D:1)
  2 leopard geckos (D:2)
  4 orcs (D:3)
  4 bats
  3 giant cockroaches (D:2)
  8 goblins
  7 hobgoblins
  7 kobolds
  7 ball pythons (D:2)
  A frilled lizard (D:2)
  13 rats
67 creatures vanquished.

Vanquished Creatures (others)
  5 fungi (D:2)
5 creatures vanquished.

Grand Total: 72 creatures vanquished

Notes
Turn   | Place    | Note
-------+----------+-------------------------------------------
     0 | D:1      | jerryfan the Draconian Skald began the quest for the Orb.
     0 | D:1      | Reached XP level 1. HP: 17/17 MP: 3/3
   173 | D:1      | Reached XP level 2. HP: 25/25 MP: 1/5
   210 | D:1      | Learned a level 2 spell: Song of Slaying
   770 | D:2      | Reached XP level 3. HP: 30/30 MP: 1/6
  1204 | D:2      | Noticed Terence
  1254 | D:2      | Killed Terence
  1254 | D:2      | Reached XP level 4. HP: 18/38 MP: 3/7
  2766 | D:3      | Noticed Natasha
  2768 | D:3      | Reached XP level 5. HP: 43/45 MP: 9/9
  2831 | D:3      | Killed Natasha
  2937 | D:3      | HP: 2/46 [adder (1)]
  2938 | D:3      | Slain by an adder

Skill      XL: |  1  2  3  4 |
---------------+-------------+-----
Charms         | 3 |  3.8
Fighting       | 3 |  3.8
Axes           | 3 |  3.4
Spellcasting   | 3 |  3.2
Dodging        | |  2.1

Action                   |  1- 3 |  4- 6 || total
-------------------------+-------+-------++-------
Melee: Hand axe          |    94 |   167 ||   261
       Tailslap          |     7 |    17 ||    24
 Cast: Infusion          |     8 |     2 ||    10
       Song of Slaying   |     3 |     2 ||     5
  Use: Scroll            |     1 |     5 ||     6
       Potion            |       |     6 ||     6
 Stab: Sleeping          |     1 |     1 ||     2
  Eat: Chunk             |     1 |     6 ||     7
Armor: Skin              |    27 |    78 ||   105
Dodge: Dodged            |    55 |   119 ||   174
